cohdb
Replays
Latest Replays
All Replays
Popular Replays
Top Player Replays
Match Explorer
How It Works
Community
CoH3 Stats
Reddit
Sign in to upload your games and track your stats! →
Sign in with Steam
Match 45537466
Unlisted
Match 45537466
Overview
Messages
Build Orders
End
Construct Barracks
Selects Armored Battlegroup
Selects Armored Battlegroup
Selects Veteran Crews
1⁄4-ton 4x4 Truck
Riflemen Squad
Riflemen Squad
Riflemen Squad
Construct Medical Station
Grenade Package
Infantry Support Center
Construct Motor Pool
Selects Fast Deploy
M1 Anti-tank Gun Team
M1 Anti-tank Gun Team
Advanced Logistics
Dezman
Makros
0
0
Comments
sign in to comment!
No comments posted yet!